 Dungeon Crawl Stone Soup version 0.30.1-3-gfc49f6343a (webtiles) character file.

Game seed: 5717838383749226879

194 cdecastro the Caller (level 5, -5/35 HPs)
             Began as a Merfolk Summoner on July 28, 2023.
             Was an Initiate of Hepliaklqana.
             Slain by Edmund
             ... wielding a +2 dire flail of holy wrath
              (11 damage)
             ... on level 4 of the Dungeon.
             The game lasted 00:06:26 (3861 turns).

cdecastro the Caller (Merfolk Summoner)             Turns: 3861, Time: 00:06:27

Health: -5/35      AC:  2    Str:  8    XL:     5   Next: 73%
Magic:  1/8        EV: 12    Int: 16    God:    Hepliaklqana [......]
Gold:   209        SH:  5    Dex: 15    Spells: 2/8 levels left

rFire   . . .        r - +4 spear "Danoerack" {freeze, *Slow rN+ rCorr}
rCold   . . .        (no shield)
rNeg    + . .        a - +0 robe
rPois   .            (no helmet)
rElec   .            (no cloak)
rCorr   +            (no gloves)
SInv    .            (no boots)
Will    .....        w - amulet of reflection
Stlth   ++           x - ring of wizardry
HPRegen 0.25/turn    (no ring)
MPRegen 0.11/turn

%: slow self (1%), reflection, wizardry (x1)
@: no status effects
A: (nimble swimmer 2), mertail
a: Renounce Religion


You were on level 4 of the Dungeon.
You worshipped Hepliaklqana.
Hepliaklqana was noncommittal.
You visited 1 branch of the dungeon, and saw 4 of its levels.

You collected 209 gold pieces.

Inventory:

Hand Weapons
 g - a +0 dagger
 r - the +4 spear "Danoerack" (weapon) {freeze, *Slow rN+ rCorr}
   (You found it on level 2 of the Dungeon)

   rN:        It protects you from negative energy.
   rCorr:     It protects you from acid and corrosion.
   *Slow:     It may slow you when you take damage.
Missiles
 A - 4 poisoned darts
 B - 2 throwing nets
Armour
 a - a +0 robe (worn)
Magical Staves
 j - a staff of death
 l - a staff of fire
Jewellery
 w - an amulet of reflection (around neck)
 x - a ring of wizardry (left hand)
Wands
 y - a wand of charming (4)
Scrolls
 d - 7 scrolls of identify {unknown}
 h - 3 scrolls of enchant armour {unknown}
 k - a scroll of silence {unknown}
 o - 2 scrolls of teleportation {unknown}
 p - a scroll of butterflies {unknown}
 q - a scroll of blinking {unknown}
 s - a scroll of fog {unknown}
 u - a scroll of vulnerability {unknown}
 v - a scroll of magic mapping {unknown}
 C - a scroll of immolation {unknown}
Potions
 b - a potion of magic
 c - a potion of degeneration {unknown}
 e - a potion of might {unknown}
 f - 2 potions of heal wounds {unknown}
 i - a potion of brilliance {unknown}
 m - 2 potions of resistance {unknown}
 n - a potion of attraction {unknown}
 t - a potion of curing {unknown}
 z - 2 potions of invisibility {unknown}


   Skills:
 + Level 2.9 Polearms
 - Level 2.6 Dodging
 - Level 2.1 Stealth
 - Level 2.0 Spellcasting
 * Level 6.3 Summonings


You had 2 spell levels left.
You knew the following spells:

 Your Spells              Type           Power      Damage    Failure   Level
a - Summon Small Mammal   Summ           84%        N/A       1%          1
b - Call Imp              Summ           42%        N/A       1%          2
c - Call Canine Familiar  Summ           21%        N/A       1%          3

Your spell library contained the following spells:

 Spells                   Type           Power      Damage    Failure   Level
 Kiss of Death            Conj/Necr      4%         2d5       9%          1
 Summon Guardian Golem    Hex/Summ       11%        N/A       7%          3
 Summon Lightning Spire   Summ/Air       11%        N/A       22%         4
 Confusing Touch          Hex            1%         N/A       24%         3
 Dispel Undead            Necr           1%         3d6       58%         4


Dungeon Overview and Level Annotations

Branches:
Dungeon (4/15)
 Temple: D:4-7

Altars:
Hepliaklqana
Nemelex Xobeh
Qazlal

Annotations:
D:4 Edmund


Innate Abilities, Weirdness & Mutations

((You are very nimble when in or above water. (Stealth+, EV+, Speed+++)))
Your lower body shifts to a powerful aquatic tail in water.


Message History

You hit Edmund. You freeze Edmund.
Edmund is moderately wounded.
You block Edmund's attack.
Your cerulean imp closely misses Edmund.
Unknown command.
You hit Edmund but do no damage.
Edmund is moderately wounded.
Your hound closely misses Edmund.
Your cerulean imp barely misses Edmund.
Edmund says, "People will remember me!
They'll remember me and die!"
Edmund hits you with a +2 dire flail of holy wrath!
Unknown command.
You hit Edmund. You freeze Edmund.
Edmund is heavily wounded.
Your hound completely misses Edmund.
Your cerulean imp barely misses Edmund.
Edmund hits you with a +2 dire flail of holy wrath!
* * * LOW HITPOINT WARNING * * *
Your hound barely misses Edmund.
Unknown command.
You hit Edmund. You freeze Edmund.
Edmund is heavily wounded.
Your hound bites Edmund.
Your cerulean imp barely misses Edmund.
Edmund hits your hound with a +2 dire flail of holy wrath.
Unknown command.
You closely miss Edmund.
Edmund is severely wounded.
Your hound bites Edmund.
Your cerulean imp barely misses Edmund.
Edmund barely misses you.
Your hound bites Edmund.
Unknown command.
You barely miss Edmund.
Edmund is severely wounded.
Edmund hits you with a +2 dire flail of holy wrath!
* * * LOW HITPOINT WARNING * * *
Your cerulean imp hits Edmund but does no damage.
Your hound bites Edmund.
Unknown command.
You hit Edmund. You freeze Edmund.
Edmund is almost dead.
Your hound closely misses Edmund.
Your cerulean imp barely misses Edmund.
Edmund hits you with a +2 dire flail of holy wrath!
You die...

#.....####....##.#.####.###
#.###...##.##....#.# #.#
#.# ###.##.###..##.# #.#
#.# #.##.# #..##.# #.# ##.#
#.##.# #..>).####.# #..#
#.##.# ##.##...##.# #.##
#.##.# #.##.#.##.## #.#
#..#.####@##...##..# #h###
##......5@h...>###.###
....##
###.####.####..##...#
#.#..#### #.# #.# #.......#
#.##....# #.# #.# ##......#
#.#####.###.# #.# #......#
#.# #..##.####.# ###..###
#)# ##.##...##.# #..# #)#
#..[....#.# #..#
#.######....)....# #.)#


You could see Edmund (ally target), a friendly hound (summoned) and a friendly
cerulean imp (summoned).

Vanquished Creatures
  An adder (D:2)
  A dart slug (D:1)
  4 orcs
  3 endoplasms
  2 giant cockroaches (D:3)
  5 goblins
  5 hobgoblins
  4 quokkas
  3 ball pythons
  5 bats
  A frilled lizard (D:2)
  3 kobolds
  5 rats
42 creatures vanquished.

Vanquished Creatures (collateral kills)
  Jessica (D:3)
  Terence (D:3)
  4 gnolls (D:4)
  2 adders (D:4)
  3 ball pythons
  3 endoplasms (D:1)
  2 giant cockroaches
  4 hobgoblins
  2 quokkas
  A bat (D:1)
  A frilled lizard (D:3)
  2 rats (D:2)
26 creatures vanquished.

Grand Total: 68 creatures vanquished

Notes
Turn   | Place    | Note
-------+----------+-------------------------------------------
     0 | D:1      | cdecastro the Merfolk Summoner began the quest for the Orb.
     0 | D:1      | Reached XP level 1. HP: 13/13 MP: 3/3
   471 | D:1      | Reached XP level 2. HP: 16/19 MP: 3/5
  1378 | D:2      | Learned a level 2 spell: Call Imp
  1548 | D:2      | Found a sparkling altar of Nemelex Xobeh.
  1646 | D:2      | Reached skill level 5 in Summonings
  1646 | D:2      | Reached XP level 3. HP: 16/24 MP: 3/6
  2003 | D:2      | Identified the +4 spear "Danoerack" {freeze, *Slow rN+
                  | rCorr}
  2187 | D:3      | Noticed Terence
  2207 | D:3      | Killed Terence
  2208 | D:3      | Reached skill level 1 in Polearms
  2208 | D:3      | Reached XP level 4. HP: 18/30 MP: 4/7
  2257 | D:3      | Found a stormy altar of Qazlal.
  2816 | D:3      | Noticed Jessica
  2818 | D:3      | Found a faded altar of an unknown god.
  2827 | D:3      | Learned a level 3 spell: Call Canine Familiar
  2830 | D:3      | Found a hazy altar of Hepliaklqana.
  2833 | D:3      | Killed Jessica
  2834 | D:3      | Reached XP level 5. HP: 34/35 MP: 4/8
  2844 | D:3      | Became a worshipper of Hepliaklqana the Forgotten
  3502 | D:4      | Reached skill level 6 in Summonings
  3532 | D:4      | Noticed Edmund
  3861 | D:4      | Slain by Edmund

Illustrated notes

Levels and vault maps discovered:
D:1:      dpeg_arrival_houses_and_road, layout_loops_ring, serial_forest,
          infiniplex_forest_split, infiniplex_forest_lined_2,
          infiniplex_forest_lined_2, infiniplex_forest_clump_medium,
          infiniplex_forest_lined_4_way, infiniplex_forest_clump_tiny,
          infiniplex_forest_straight_5
D:2:      layout_loops_cross, basic_altar
D:3:      layout_basic, mainiacjoe_overflow_cross_hatched,
          beargit_hepliaklqana_dungeon_heroes, uniq_terence
D:4:      layout_rooms, uniq_edmund

Skill      XL: |  1  2  3  4  5 |
---------------+----------------+-----
Summonings     | 5 6 |  6.3
Polearms       | 1 2 |  2.9
Dodging        | |  2.6
Stealth        | |  2.1
Spellcasting   | |  2.0

Action                     |  1- 3 |  4- 6 || total
---------------------------+-------+-------++-------
  Melee: Unarmed           |     2 |       ||     2
         Dagger            |    48 |       ||    48
         Spear             |    15 |    61 ||    76
   Cast: Summon Small Mamm |    16 |       ||    16
         Call Imp          |     7 |    11 ||    18
         Call Canine Famil |       |     9 ||     9
   Stab: Sleeping          |     4 |     7 ||    11
 Armour: Robe              |    15 |     1 ||    16
  Dodge: Dodged            |    37 |     5 ||    42
  Block: Other             |       |     5 ||     5
